| TOP OF THE 1ST |
|
Trenton Thunder batting - Pitching for New Hampshire Fisher Cats : RHP Josh Weinmann
|
|
Pitching: RHP Josh Weinmann
|
|
|
Batting: LHB Justin O'Neal
|
0-0: Ball 1-0: Foul Ball, location: 2F 1-1: Ball 2-1: Ball 3-1: Foul Ball, location: 2F 3-2: Fly out, F9 (Flyball, 9D, EV 86.2 MPH)
|
|
Batting: LHB Steve LeGrand
|
0-0: Foul Ball, location: 2F 0-1: Ball 1-1: Ball 2-1: Fly out, F7 (Line Drive, 7S, EV 107.5 MPH)
|
|
Batting: LHB Jared Zulkowski
|
0-0: Foul Ball, location: 2F 0-1: Ball 1-1: Ground out U3 (Groundball, 3, EV 91.2 MPH)
|
| Top of the 1st over - 0 runs, 0 hits, 0 errors, 0 left on base; Trenton 0 - New Hampshire 0 |
| BOTTOM OF THE 1ST |
|
New Hampshire Fisher Cats batting - Pitching for Trenton Thunder : RHP Jarred Sharp
|
|
Pitching: RHP Jarred Sharp
|
|
|
Batting: RHB Tokuji Kawabata
|
0-0: Foul Ball, location: 2F 0-1: Ball 1-1: Foul Ball, location: 2F 1-2: Foul Ball, location: 2F 1-2: DOUBLE (Flyball, 89D, EV 108.1 MPH)
|
|
Batting: RHB Stephen Casteel
|
0-0: Called Strike 0-1: Ground out 6-3 (Groundball, 6S, EV 70.6 MPH) Tokuji Kawabata to third
|
|
Batting: RHB Chris Pounds
|
0-0: Foul Ball, location: 2F 0-1: Ball 1-1: Ball 2-1: Ball 3-1: SINGLE (Line Drive, 3D, EV 95.6 MPH) Tokuji Kawabata scores
|
|
Batting: RHB Jon Aguilar
|
0-0: Grounds into double play, 5-4-3 (Groundball, 56, EV 83.8 MPH)
|
| Bottom of the 1st over - 1 run, 2 hits, 0 errors, 0 left on base; Trenton 0 - New Hampshire 1 |
| TOP OF THE 2ND |
|
Trenton Thunder batting - Pitching for New Hampshire Fisher Cats : RHP Josh Weinmann
|
|
Batting: SHB Corey Penson
|
0-0: Called Strike 0-1: Foul Ball, location: 2F 0-2: Ball 1-2: Ball 2-2: Ball 3-2: DOUBLE (Line Drive, 8RXD, EV 109.4 MPH)
|
|
Batting: LHB Dale Anderson
|
0-0: Foul Ball, location: 2F 0-1: Ball 1-1: Swinging Strike 1-2: Strikes out swinging
|
|
Batting: RHB Elmar Adenauer
|
0-0: Ball 1-0: Ball 2-0: SINGLE (Groundball, 56D, EV 100.0 MPH) Corey Penson to third
|
|
Batting: SHB Houston Phillips
|
0-0: DOUBLE (Line Drive, 89D, EV 113.1 MPH) Corey Penson scores Elmar Adenauer to third Runner from 3rd tries for Home, SAFE, throw by CF to trailing runner, SAFE at third!
|
|
Batting: RHB Phil Reeves
|
0-0: Ball 1-0: Ball 2-0: Ball 3-0: Called Strike 3-1: Called Strike 3-2: Foul Ball, location: 2F 3-2: SINGLE (Groundball, 56D, EV 99.4 MPH) Houston Phillips scores
|
|
Batting: RHB Jonathan Iniguez
|
0-0: Called Strike Phil Reeves is caught stealing 2nd base 2-4 0-1: Fly out, F3 (Popup, 3SF, EV 67.5 MPH)
|
| Top of the 2nd over - 3 runs, 4 hits, 0 errors, 0 left on base; Trenton 3 - New Hampshire 1 |
| BOTTOM OF THE 2ND |
|
New Hampshire Fisher Cats batting - Pitching for Trenton Thunder : RHP Jarred Sharp
|
|
Batting: LHB Gabe Pace
|
0-0: Foul Ball, location: 2F 0-1: Foul Ball, location: 2F 0-2: Ball 1-2: Foul Ball, location: 2F 1-2: Ball 2-2: Ball 3-2: Fly out, F4 (Line Drive, 4, EV 71.2 MPH)
|
|
Batting: SHB Bryan Johnston
|
0-0: SINGLE (Line Drive, 8RS, EV 101.9 MPH)
|
|
Batting: RHB Chris Martin
|
0-0: Called Strike 0-1: Swinging Strike 0-2: Ball Bryan Johnston steals 2nd base (no throw) 1-2: SINGLE (Line Drive, 9S, EV 100.6 MPH) Bryan Johnston to third Runner from 3rd tries for Home, SAFE, throw by RF to home
|
|
Batting: RHB Marcos Villalobos
|
0-0: Fielders Choice at 2nd, 1-4 (Groundball, 15S, EV 68.1 MPH)
|
|
Batting: RHB Justin Powell
|
0-0: Called Strike Marcos Villalobos is caught stealing 2nd base 2-4
|
| Bottom of the 2nd over - 1 run, 2 hits, 0 errors, 0 left on base; Trenton 3 - New Hampshire 2 |
| TOP OF THE 3RD |
|
Trenton Thunder batting - Pitching for New Hampshire Fisher Cats : RHP Josh Weinmann
|
|
Batting: LHB Justin O'Neal
|
0-0: Swinging Strike 0-1: Foul Ball, location: 2F 0-2: Ball 1-2: Ball 2-2: Ball 3-2: Strikes out swinging
|
|
Batting: LHB Steve LeGrand
|
0-0: Foul Ball, location: 2F 0-1: Foul Ball, location: 2F 0-2: Ball 1-2: Ground out 4-3 (Groundball, 4S, EV 72.5 MPH)
|
|
Batting: LHB Jared Zulkowski
|
0-0: Ball 1-0: Foul Ball, location: 2F 1-1: Ball 2-1: DOUBLE (Line Drive, 89M, EV 92.5 MPH)
|
|
Batting: SHB Corey Penson
|
0-0: Fly out, F9 (Line Drive, 9S, EV 98.8 MPH)
|
| Top of the 3rd over - 0 runs, 1 hit, 0 errors, 1 left on base; Trenton 3 - New Hampshire 2 |
| BOTTOM OF THE 3RD |
|
New Hampshire Fisher Cats batting - Pitching for Trenton Thunder : RHP Jarred Sharp
|
|
Batting: RHB Justin Powell
|
0-0: Ball 1-0: Called Strike 1-1: Ball 2-1: Ball 3-1: Ground out 6-3 (Groundball, 6, EV 108.1 MPH)
|
|
Batting: RHB Tokuji Kawabata
|
0-0: Ball 1-0: Foul Ball, location: 2F 1-1: Foul Ball, location: 2F 1-2: Ball 2-2: Strikes out looking
|
|
Batting: RHB Stephen Casteel
|
0-0: Called Strike 0-1: Foul Ball, location: 2F 0-2: Strikes out swinging
|
| Bottom of the 3rd over - 0 runs, 0 hits, 0 errors, 0 left on base; Trenton 3 - New Hampshire 2 |
| TOP OF THE 4TH |
|
Trenton Thunder batting - Pitching for New Hampshire Fisher Cats : RHP Josh Weinmann
|
|
Batting: LHB Dale Anderson
|
0-0: Ball 1-0: Called Strike 1-1: Foul Ball, location: 2F 1-2: Foul Ball, location: 2F 1-2: Ball 2-2: Foul Ball, location: 2F 2-2: Foul Ball, location: 2F 2-2: Ball 3-2: Ground out U3 (Groundball, 34, EV 85.6 MPH)
|
|
Batting: RHB Elmar Adenauer
|
0-0: Ball 1-0: Ball 2-0: Foul Ball, location: 2F 2-1: Ball 3-1: Base on Balls
|
|
Batting: SHB Houston Phillips
|
0-0: Foul Ball, location: 2F 0-1: Ball 1-1: Called Strike 1-2: Ball 2-2: Fielders Choice at 2nd, 6-4 (Groundball, 6, EV 76.9 MPH)
|
|
Batting: RHB Phil Reeves
|
0-0: Foul Ball, location: 2F 0-1: Swinging Strike 0-2: Ball 1-2: Strikes out swinging
|
| Top of the 4th over - 0 runs, 0 hits, 0 errors, 1 left on base; Trenton 3 - New Hampshire 2 |
| BOTTOM OF THE 4TH |
|
New Hampshire Fisher Cats batting - Pitching for Trenton Thunder : RHP Jarred Sharp
|
|
Batting: RHB Chris Pounds
|
0-0: Foul Ball, location: 2F 0-1: Ball 1-1: Ball 2-1: SINGLE (Flyball, 5D, EV 98.8 MPH)
|
|
Batting: RHB Jon Aguilar
|
0-0: Fielders Choice at 2nd, 4-6 (Groundball, 34, EV 99.4 MPH)
|
|
Batting: LHB Gabe Pace
|
0-0: Called Strike Jon Aguilar steals 2nd base 0-1: Ball 1-1: Foul Ball, location: 2F 1-2: Ball 2-2: Fly out, F8 (Flyball, 8LD, EV 85.0 MPH)
|
|
Batting: SHB Bryan Johnston
|
0-0: Called Strike 0-1: Swinging Strike 0-2: Ball 1-2: Ground out 4-3 (Groundball, 34, EV 88.1 MPH)
|
| Bottom of the 4th over - 0 runs, 1 hit, 0 errors, 1 left on base; Trenton 3 - New Hampshire 2 |
| TOP OF THE 5TH |
|
Trenton Thunder batting - Pitching for New Hampshire Fisher Cats : RHP Josh Weinmann
|
|
Batting: RHB Jonathan Iniguez
|
0-0: Ball 1-0: Ball 2-0: Ball 3-0: Called Strike 3-1: Called Strike 3-2: Strikes out swinging
|
|
Batting: LHB Justin O'Neal
|
0-0: Ground out 5-3 (Groundball, 5L, EV 87.5 MPH)
|
|
Batting: LHB Steve LeGrand
|
0-0: Ball 1-0: Ball 2-0: Called Strike 2-1: Foul Ball, location: 2F 2-2: Ground out 5-3 (Groundball, 56, EV 97.5 MPH)
|
| Top of the 5th over - 0 runs, 0 hits, 0 errors, 0 left on base; Trenton 3 - New Hampshire 2 |
| BOTTOM OF THE 5TH |
|
New Hampshire Fisher Cats batting - Pitching for Trenton Thunder : RHP Jarred Sharp
|
|
Batting: RHB Chris Martin
|
0-0: Ball 1-0: Fly out, F7 (Line Drive, 7, EV 84.4 MPH)
|
|
Batting: RHB Marcos Villalobos
|
0-0: Swinging Strike 0-1: Ball 1-1: Hit by Pitch
|
|
Batting: RHB Justin Powell
|
0-0: Ball 1-0: Ball Marcos Villalobos is caught stealing 2nd base 2-4 2-0: Fly out, F8 (Line Drive, 8LM, EV 96.2 MPH)
|
| Bottom of the 5th over - 0 runs, 0 hits, 0 errors, 0 left on base; Trenton 3 - New Hampshire 2 |
| TOP OF THE 6TH |
|
Trenton Thunder batting - Pitching for New Hampshire Fisher Cats : RHP Josh Weinmann
|
|
Batting: LHB Jared Zulkowski
|
0-0: Ground out 5-3 (Groundball, 5, EV 76.2 MPH)
|
|
Batting: SHB Corey Penson
|
0-0: Called Strike 0-1: Called Strike 0-2: Ball 1-2: Strikes out swinging
|
|
Batting: LHB Dale Anderson
|
0-0: Ball 1-0: Ball 2-0: Ball 3-0: Called Strike 3-1: Swinging Strike 3-2: Base on Balls
|
|
Batting: RHB Elmar Adenauer
|
0-0: Ball 1-0: Fly out, F8 (Line Drive, 78M, EV 93.8 MPH)
|
| Top of the 6th over - 0 runs, 0 hits, 0 errors, 1 left on base; Trenton 3 - New Hampshire 2 |
| BOTTOM OF THE 6TH |
|
New Hampshire Fisher Cats batting - Pitching for Trenton Thunder : RHP Jarred Sharp
|
|
Batting: RHB Tokuji Kawabata
|
0-0: Called Strike 0-1: Ball 1-1: Swinging Strike 1-2: Strikes out swinging
|
|
Batting: RHB Stephen Casteel
|
0-0: Foul Ball, location: 2F 0-1: Ground out 4-3 (Groundball, 4S, EV 68.1 MPH)
|
|
Batting: RHB Chris Pounds
|
0-0: Called Strike 0-1: Swinging Strike 0-2: Foul Ball, location: 2F 0-2: Fly out, F8 (Flyball, 8RD, EV 91.2 MPH)
|
| Bottom of the 6th over - 0 runs, 0 hits, 0 errors, 0 left on base; Trenton 3 - New Hampshire 2 |
| TOP OF THE 7TH |
|
Trenton Thunder batting - Pitching for New Hampshire Fisher Cats : RHP Josh Weinmann
|
|
Batting: SHB Houston Phillips
|
0-0: Swinging Strike 0-1: Swinging Strike 0-2: Ball 1-2: Strikes out swinging
|
|
Batting: RHB Phil Reeves
|
0-0: Ball 1-0: Foul Ball, location: 2F 1-1: Foul Ball, location: 2F 1-2: Foul Ball, location: 2F 1-2: Ball 2-2: Ground out U3 (Groundball, 34, EV 106.9 MPH)
|
|
Batting: RHB Jonathan Iniguez
|
0-0: Ball 1-0: Ground out 3-1 (Groundball, 34S, EV 79.4 MPH)
|
| Top of the 7th over - 0 runs, 0 hits, 0 errors, 0 left on base; Trenton 3 - New Hampshire 2 |
| BOTTOM OF THE 7TH |
|
New Hampshire Fisher Cats batting - Pitching for Trenton Thunder : RHP Jarred Sharp
|
|
Batting: RHB Jon Aguilar
|
0-0: Swinging Strike 0-1: Hit by Pitch
|
|
Batting: LHB Gabe Pace
|
0-0: Ball 1-0: SINGLE (Flyball, 89S, EV 86.2 MPH) Jon Aguilar to second Runner from 2nd tries for 3rd, SAFE, throw by RF made to third
|
|
Batting: SHB Bryan Johnston
|
0-0: Called Strike Gabe Pace is caught stealing 2nd base 2-6 0-1: Ball 1-1: Ball 2-1: Foul Ball, location: 2F 2-2: Ball 3-2: Fly out, F5 (Popup, 5L, EV 60.0 MPH)
|
|
Pinch Hitting: SHB Gregg Whitecotton
|
0-0: Ball 1-0: Ball 2-0: Ball 3-0: Base on Balls
|
|
Pitching: RHP David Durr
|
|
|
Pinch Hitting: LHB Eddie Muniz
|
0-0: Ball 1-0: Ball 2-0: Called Strike 2-1: Fielders Choice at 2nd, 5-4 (Groundball, 56, EV 105.0 MPH)
|
| Bottom of the 7th over - 0 runs, 1 hit, 0 errors, 2 left on base; Trenton 3 - New Hampshire 2 |
| TOP OF THE 8TH |
|
Trenton Thunder batting - Pitching for New Hampshire Fisher Cats : RHP Josh Weinmann
|
|
Now at 2B: Kirk Seiffert
|
|
|
Now at SS: Gregg Whitecotton
|
|
|
Batting: LHB Justin O'Neal
|
0-0: Swinging Strike 0-1: Ball 1-1: Ball 2-1: Ball 3-1: Base on Balls
|
|
Batting: LHB Steve LeGrand
|
0-0: Ball 1-0: Called Strike 1-1: Called Strike 1-2: Ball 2-2: Fly out, F4 (Flyball, 34D, EV 91.9 MPH)
|
|
Batting: LHB Jared Zulkowski
|
0-0: Ball Justin O'Neal is caught stealing 2nd base 2-6 1-0: Foul Ball, location: 2F 1-1: Ball 2-1: Fly out, F7 (Flyball, 78D, EV 96.2 MPH)
|
| Top of the 8th over - 0 runs, 0 hits, 0 errors, 0 left on base; Trenton 3 - New Hampshire 2 |
| BOTTOM OF THE 8TH |
|
New Hampshire Fisher Cats batting - Pitching for Trenton Thunder : RHP David Durr
|
|
Batting: RHB Justin Powell
|
0-0: Swinging Strike 0-1: Swinging Strike 0-2: Ground out 5-3 (Groundball, 5L, EV 111.9 MPH)
|
|
Batting: RHB Tokuji Kawabata
|
0-0: Ball 1-0: Foul Ball, location: 2F 1-1: Ball 2-1: Ground out 6-3 (Groundball, 6MS, EV 80.6 MPH)
|
|
Batting: RHB Stephen Casteel
|
0-0: Called Strike 0-1: Foul Ball, location: 2F 0-2: Ground out 4-3 (Groundball, 4, EV 87.5 MPH)
|
| Bottom of the 8th over - 0 runs, 0 hits, 0 errors, 0 left on base; Trenton 3 - New Hampshire 2 |
| TOP OF THE 9TH |
|
Trenton Thunder batting - Pitching for New Hampshire Fisher Cats : RHP Josh Weinmann
|
|
Pitching: LHP Nick Burnstein
|
|
|
Batting: SHB Corey Penson
|
0-0: Ground out 1-3 (Groundball, 13S, EV 74.4 MPH)
|
|
Batting: LHB Dale Anderson
|
0-0: Ball 1-0: Ball 2-0: Ball 3-0: Base on Balls
|
|
Batting: RHB Elmar Adenauer
|
0-0: Ball 1-0: Foul Ball, location: 2F 1-1: Ground out 5-3 (Groundball, 6S, EV 68.8 MPH) Dale Anderson to second
|
|
Batting: SHB Houston Phillips
|
0-0: Ball 1-0: Ball 2-0: Called Strike 2-1: Foul Ball, location: 2F 2-2: Ground out 4-3 (Groundball, 4, EV 90.0 MPH)
|
| Top of the 9th over - 0 runs, 0 hits, 0 errors, 1 left on base; Trenton 3 - New Hampshire 2 |
| BOTTOM OF THE 9TH |
|
New Hampshire Fisher Cats batting - Pitching for Trenton Thunder : RHP David Durr
|
|
Pitching: RHP Antonio Castillo
|
|
|
Batting: RHB Chris Pounds
|
0-0: SINGLE (Flyball, 4MD, EV 89.4 MPH)
|
|
Batting: RHB Jon Aguilar
|
0-0: Ball 1-0: Called Strike 1-1: SINGLE (Groundball, 6D, EV 95.6 MPH) Chris Pounds to second
|
|
Batting: LHB Gabe Pace
|
0-0: SINGLE (Groundball, 34D, EV 105.6 MPH) Chris Pounds to third Jon Aguilar to second Runner from 3rd tries for Home, SAFE, throw by RF to home Jon Aguilar to third Gabe Pace to second
|
|
Batting: SHB Bryan Johnston
|
0-0: Called Strike 0-1: Swinging Strike 0-2: Ball Passed Ball! Jon Aguilar scores
|
| Bottom of the 9th over - 2 runs, 3 hits, 0 errors, 1 left on base; Trenton 3 - New Hampshire 4 |
|